 Dungeon Crawl Stone Soup version 0.29.1-15-g9cfb28693d (webtiles) character file.

Game seed: 8104055746588559968

971 ThatPearl the Stinger (level 7, -1/54 HPs)
             Began as a Demonspawn Venom Mage on Mar 11, 2023.
             Slain by Duvessa
             ... wielding a +0 rapier
              (5 damage)
             ... on level 3 of the Dungeon.
             The game lasted 00:20:04 (6291 turns).

ThatPearl the Stinger (Demonspawn Venom Mage)       Turns: 6291, Time: 00:20:05

Health: -1/54      AC:  4    Str:  8    XL:     7   Next: 94%
Magic:  10/13      EV: 12    Int: 18    God:
Gold:   229        SH:  5    Dex: 14    Spells: 11/15 levels left

rFire   + . .      SeeInvis .   u - +3 falchion (flame)
rCold   . . .      Faith    .   (no shield)
rNeg    . . .      Spirit   .   x - +0 robe {rF+}
rPois   .          Reflect  +   y - +1 helmet
rElec   .          Harm     .   (no cloak)
rCorr   .          Rampage  .   (no gloves)
Will    .....                   (no boots)
Stlth   ++........              m - amulet of reflection
HPRegen 0.18/turn               (no ring)
MPRegen 0.13/turn               (no ring)

@: no status effects
A: spiny 1
a: no special abilities


You were on level 3 of the Dungeon.
You visited 1 branch of the dungeon, and saw 4 of its levels.
You also visited: Sewer.

You collected 229 gold pieces.

Inventory:

Hand Weapons
 g - a +0 sling
 u - a +3 falchion of flaming (weapon)
 v - a +1 dagger of pain
Missiles
 q - 8 poisoned darts
Armour
 w - a +3 ring mail of cold resistance
 x - a +0 robe of fire resistance (worn)
 y - a +1 helmet (worn)
Jewellery
 m - an amulet of reflection (around neck)
Wands
 e - a wand of paralysis (8)
 l - a wand of roots (11)
Scrolls
 c - 2 scrolls of teleportation
 h - 3 scrolls of enchant weapon
 i - a scroll of vulnerability {unknown}
 p - a scroll of fear {unknown}
 t - 2 scrolls of magic mapping {unknown}
Potions
 a - a potion of attraction {unknown}
 b - a potion of magic
 j - 2 potions of brilliance {unknown}
 k - a potion of heal wounds
 n - 3 potions of lignification {unknown}
 o - a potion of curing
 z - a potion of flight {unknown}
 A - a potion of berserk rage


   Skills:
 + Level 4.1 Fighting
 + Level 2.2 Dodging
 - Level 1.7 Stealth
 + Level 4.5 Spellcasting
 + Level 3.9 Transmutations
 + Level 1.8 Air Magic
 - Level 5.0 Poison Magic


You had 11 spell levels left.
You knew the following spells:

 Your Spells              Type           Power      Damage    Failure   Level
c - Mephitic Cloud        Conj/Pois/Air  12%        N/A       17%         3
s - Sting                 Tmut/Pois      80%        1d7       2%          1

Your spell library contained the following spells:

 Spells                   Type           Power      Damage    Failure   Level
 Beastly Appendage        Tmut           36%        N/A       2%          1
 Wereblood                Tmut           18%        N/A       4%          2
 Poisonous Vapours        Pois/Air       32%        N/A       5%          2
 Spider Form              Tmut/Pois      20%        N/A       7%          3
 Olgreb's Toxic Radiance  Pois           22%        N/A       19%         4
 Gell's Gravitas          Tloc           4%         N/A       38%         3
 Teleport Other           Tloc           4%         N/A       38%         3
 Tukima's Dance           Hex            4%         N/A       38%         3
 Summon Lightning Spire   Summ/Air       7%         N/A       67%         4
 Passage of Golubria      Tloc           4%         N/A       80%         4
 Yara's Violent Unravell  Hex/Tmut       5%         3d4       86%         5
 Dispersal                Tloc           2%         N/A       100%        6
 Storm Form               Tmut/Air       7%         N/A       100%        7
 Maxwell's Capacitive Co  Air            5%         ∞         100%        8


Dungeon Overview and Level Annotations

Branches:
Dungeon (4/15)              Sewer (visited)
 Temple: D:4-7

Altars:
Trog

Shops:
D:4 (

Annotations:
D:3 Duvessa


Innate Abilities, Weirdness & Mutations

You are partially covered in sharp spines.


Message History

Okay, then.
Casting: Sting (safe; 2% risk of failure)
Confirm with . or Enter, or press ? or * to list all spells.
Aiming: Mephitic Cloud (dangerous; 17% risk of failure)
Press: ? - help, Shift-Dir - straight line, f - Duvessa
Aim: Duvessa, wielding a +0 rapier, wearing a +0 chain mail, wearing a +4 ring of protection and quivering stones (lightly wounded, berserk, chance to affect: 81%) That beam is likely to hit you.
Continue anyway?
Okay, then.
Casting: Mephitic Cloud (dangerous; 17% risk of failure)
Confirm with . or Enter, or press ? or * to list all spells.
Aiming: Mephitic Cloud (dangerous; 17% risk of failure)
Press: ? - help, Shift-Dir - straight line, p - Duvessa
Okay, then.
Duvessa hits you but does no damage.
Casting: Mephitic Cloud (dangerous; 17% risk of failure)
Confirm with . or Enter, or press ? or * to list all spells.
Aiming: Mephitic Cloud (dangerous; 17% risk of failure)
Press: ? - help, Shift-Dir - straight line, p - Duvessa
Okay, then.
Duvessa attacks as you move away! Duvessa hits you with a +0 rapier!
* * * LOW HITPOINT WARNING * * *
Casting: Mephitic Cloud (dangerous; 17% risk of failure)
Confirm with . or Enter, or press ? or * to list all spells.
Aiming: Mephitic Cloud (dangerous; 17% risk of failure)
Press: ? - help, Shift-Dir - straight line, p - Duvessa The ball explodes into a vile cloud!
The stinking cloud engulfs Duvessa but does no damage.
Duvessa is lightly wounded.
Duvessa is struck by your spines. Duvessa barely misses you.
Duvessa hits you with a +0 rapier!
* * * LOW HITPOINT WARNING * * *
As you read the scroll labelled CUTUCL XODAE, it crumbles to dust.
Your body is wracked with pain!
* * * LOW HITPOINT WARNING * * *
Duvessa convulses!
It was a scroll of torment.
You block Duvessa's attack.
As you read the scroll labelled GEJALY ESUEFI, it crumbles to dust.
It is a scroll of enchant armour.
Your +0 helmet glows green for a moment.
Duvessa is struck by your spines. Duvessa hits you with a +0 rapier.
You die...

#.^.# ##....##.......# #.#.#####
####....##....#.##
#.......####........##......#
#...#####.##.........###.)..###
#.....###.##...................
###...#.#.#.##.....#.####.######.
......#.#.#..#.....#.# #.# #.
.##.#.#...##.#°○...#.# #.# #.
............)○☼e@..#.####.# #.
.##.#.....##.#.....#......######.
###.#.....#..+...................
#.#.....####.....##############
#.#.....# #.##### #.......# #.#
### ####....#####.######.#
#....................#
##.##.......##.#.####.#########


You could see Duvessa (berserk).

Vanquished Creatures
  Sigmund (D:3)
  An ice beast (D:4)
  A phantom (D:4)
  2 bullfrogs (Sewer)
  Dowan (D:4)
  An orc priest (D:4)
  A gnoll bouda (D:4)
  Terence (D:3)
  Jessica (D:3)
  Ijyb (D:3)
  Natasha (thrice) (D:3)
  9 adders
  4 gnolls (D:4)
  6 worms
  3 dart slugs
  5 orcs (D:4)
  14 ball pythons
  21 endoplasms
  10 giant cockroaches
  2 goblins
  6 hobgoblins
  9 kobolds
  6 quokkas
  5 bats
  11 frilled lizards
  3 rats
128 creatures vanquished.

Vanquished Creatures (others)
  A wizard (D:3)
  16 plants (D:3)
17 creatures vanquished.

Grand Total: 145 creatures vanquished

Notes
Turn   | Place    | Note
-------+----------+-------------------------------------------
     0 | D:1      | ThatPearl the Demonspawn Venom Mage began the quest for the
                  | Orb.
     0 | D:1      | Reached XP level 1. HP: 13/13 MP: 3/3
   310 | D:1      | Gained mutation: You are partially covered in sharp spines.
                  | [demonic ancestry]
   310 | D:1      | Reached XP level 2. HP: 19/20 MP: 5/5
   400 | D:1      | Reached skill level 1 in Fighting
   559 | D:1      | Reached skill level 1 in Transmutations
   812 | D:2      | Reached XP level 3. HP: 26/26 MP: 4/6
  1402 | D:2      | Reached XP level 4. HP: 33/33 MP: 2/8
  1760 | D:2      | Learned a level 3 spell: Mephitic Cloud
  2118 | D:3      | Found a bloodstained altar of Trog.
  2220 | D:3      | Noticed Ijyb
  2231 | D:3      | Paralysed by Ijyb for 2 turns
  2233 | D:3      | Killed Ijyb
  2335 | D:3      | Noticed Jessica
  2344 | D:3      | Killed Jessica
  2345 | D:3      | Reached XP level 5. HP: 21/38 MP: 1/9
  2660 | D:3      | Noticed Sigmund
  2728 | D:3      | Found a faded altar of an unknown god.
  2741 | D:3      | Noticed Natasha
  2749 | D:3      | Killed Natasha
  2750 | D:3      | Reached skill level 4 in Poison Magic
  2781 | D:3      | Noticed Terence
  2788 | D:3      | Killed Terence
  3115 | D:3      | Killed Sigmund
  3116 | D:3      | Reached XP level 6. HP: 6/47 MP: 2/11
  3504 | D:3      | Noticed a wizard
  3507 | D:3      | Killed a wizard
  3584 | D:4      | Noticed Duvessa
  3584 | D:4      | Noticed Dowan
  3634 | D:4      | Found Fighy's Weapon Emporium.
  3738 | D:4      | Noticed an ice beast
  3746 | D:4      | Killed an ice beast
  3747 | D:4      | Reached XP level 7. HP: 13/52 MP: 12/12
  3760 | D:4      | Found a glowing drain.
  3769 | Sewer    | Entered a sewer
  4491 | Sewer    | Reached skill level 1 in Air Magic
  4491 | Sewer    | Reached skill level 5 in Poison Magic
  4873 | D:4      | Killed Dowan
  5422 | D:3      | Noticed Natasha
  5429 | D:3      | Killed Natasha
  5537 | D:3      | Noticed Natasha
  5542 | D:3      | Killed Natasha
  5726 | D:3      | Found a bloodstained altar of Trog.
  6191 | D:3      | Found a faded altar of an unknown god.
  6291 | D:3      | Slain by Duvessa

Illustrated notes

Levels and vault maps discovered:
D:1:      minmay_arrival_loop, layout_rooms
D:2:      minmay_spotlight, layout_loops_ring
D:3:      layout_basic, trog_wizard, dilly_ecumenical_altar_fadedgnrine,
          nrook_mini_backslash, st_stairs_14, serial_bayou_pond_a, uniq_ijyb,
          uniq_jessica, uniq_sigmund, uniq_natasha, uniq_terence
D:4:      layout_loops_ring, cheibrodos_sewer_entry_bend, serial_shops,
          nicolae_shop_advertising_works [nicolae_subvault_shop_adworks],
          uniq_duvessa

Skill      XL: |  1  2  3  4  5  6  7 |
---------------+----------------------+-----
Fighting       | 1 2 3 4 |  4.1
Transmutations | 1 2 3 |  3.9
Spellcasting   | 3 4 |  4.5
Poison Magic   | 4 5 |  5.0
Air Magic      | 1 |  1.8
Dodging        | 2 |  2.2
Stealth        | |  1.7

Action                   |  1- 3 |  4- 6 |  7- 9 || total
-------------------------+-------+-------+-------++-------
Melee: War axe           |    39 |    25 |       ||    64
       Falchion          |       |    26 |    59 ||    85
       Punch             |       |       |     1 ||     1
 Cast: Sting             |    38 |    58 |    72 ||   168
       Mephitic Cloud    |       |       |     2 ||     2
  Use: Scroll            |       |     5 |     7 ||    12
 Stab: Sleeping          |     3 |     2 |       ||     5
Armor: Robe              |     8 |     6 |    21 ||    35
Dodge: Dodged            |    23 |    29 |    52 ||   104
Block: Other             |     5 |    15 |    25 ||    45
